 Dungeon Crawl Stone Soup version 0.21.0-25-ge575cb9 (webtiles) character file.

9440 komo4ek the Tainter (level 11, -11/97 HPs)
             Began as a Naga Venom Mage on Jan 22, 2018.
             Was a Follower of Vehumet.
             Mangled by a skeletal warrior
             ... wielding a +2 scimitar of slicing
             ... led by a skeletal warrior
              (28 damage)
             ... on level 10 of the Dungeon.
             The game lasted 00:54:16 (13153 turns).

komo4ek the Tainter (Naga Venom Mage)              Turns: 13153, Time: 00:54:17

Health: -11/97     AC:  7    Str:  9    XL:     11   Next: 46%
Magic:  23/23      EV: 11    Int: 18    God:    Vehumet [*.....]
Gold:   705        SH:  0    Dex: 12    Spells: 10/26 levels left

rFire    . . .     SeeInvis +   H - +2 dagger (chaos)
rCold    + . .     Gourm    .   (no shield)
rNeg     . . .     Faith    .   O - +0 troll leather armour
rPois    +         Spirit   .   (no helmet)
rElec    .         Reflect  .   M - +0 cloak
rCorr    .         Harm     .   (no gloves)
MR       ++...                  (no barding)
Stlth    ++........             K - amulet of regeneration
HPRegen  1.06/turn              E - +2 ring of slaying
MPRegen  0.18/turn              R - ring of protection from cold

@: very slow
A: large, see invisible, deformed body, magic resistance 1, poison resistance,
slowness 2, slow metabolism 1, spit poison 1, weak 1, MP-powered wands, AC +3
a: Spit Poison, Renounce Religion


You were on level 10 of the Dungeon.
You worshipped Vehumet.
Vehumet was aware of your devotion.
You were not hungry.

You visited 3 branches of the dungeon, and saw 12 of its levels.

You collected 705 gold pieces.

Inventory:

Hand Weapons
 z - a +4 trident
 D - a +0 scimitar of flaming
 H - a +2 dagger of chaos (weapon)
Armour
 a - a +0 robe
 G - a +1 robe of positive energy
 M - a +0 cloak (worn)
 O - a +0 troll leather armour (worn)
Jewellery
 h - an uncursed ring of stealth
 E - a +2 ring of slaying (left hand)
 K - an amulet of regeneration (around neck)
 Q - an uncursed amulet of rage
 R - a ring of protection from cold (right hand)
Wands
 k - a wand of flame (15)
 J - a wand of disintegration (11)
 N - a wand of iceblast (10)
Scrolls
 e - 3 scrolls of immolation
 g - 3 scrolls of identify
 l - 7 scrolls of remove curse
 m - a scroll of teleportation
 n - 3 scrolls of enchant weapon
 p - 3 scrolls of noise
 x - 3 scrolls of fog {unknown}
 y - a scroll of amnesia {unknown}
 B - 2 scrolls of enchant armour
 C - 2 scrolls of blinking {unknown}
 F - a scroll of torment {unknown}
 I - a scroll of brand weapon {unknown}
 L - 3 scrolls of acquirement {unknown}
Potions
 d - a potion of agility
 f - 2 potions of heal wounds
 i - 3 potions of resistance {unknown}
 j - 3 potions of haste {unknown}
 q - a potion of cancellation {unknown}
 r - a potion of mutation
 s - 2 potions of ambrosia
 t - 3 potions of degeneration
 u - a potion of lignification {unknown}
 v - a potion of berserk rage {unknown}
 w - 5 potions of curing
 A - 2 potions of flight
Books
 b - a Young Poisoner's Handbook

   Spells                             Type                      Level
   a - Sting                          Conjuration/Poison           1
   b - Poisonous Vapours              Poison/Air                   2
   c - Mephitic Cloud                 Conjuration/Poison/Air       3
   d - Olgreb's Toxic Radiance        Poison                       4
   e - Venom Bolt                     Conjuration/Poison           5
Comestibles
 c - 14 rations
 o - 3 chunks of flesh


   Skills:
 + Level 6.2 Fighting
 + Level 5.2 Armour
 + Level 5.6 Dodging
 - Level 3.0 Stealth
 + Level 8.2 Spellcasting
 * Level 6.8 Conjurations
 - Level 11.2 Poison Magic


You had 10 spell levels left.
You knew the following spells:

 Your Spells              Type           Power        Failure   Level  Hunger
a - Sting                 Conj/Pois      ####         1%          1    None
b - Poisonous Vapours     Pois/Air       ####..       1%          2    None
c - Mephitic Cloud        Conj/Pois/Air  ####....     3%          3    #......
d - Olgreb's Toxic Radia  Pois           #####...     1%          4    ###....
e - Venom Bolt            Conj/Pois      #####.....   9%          5    #####..
f - Magic Dart            Conj           ####         1%          1    None


Dungeon Overview and Level Annotations

Branches:
Dungeon (10/15)            Temple (1/1) D:7             Orc (1/2) D:10
   Lair: D:8-11

Altars:
Ashenzari
Cheibriados
Gozag
Hepliaklqana
Makhleb
Nemelex Xobeh
Okawaru
Trog
Uskayaw
Vehumet
Wu Jian
Xom
Yredelemnul
Zin
The Shining One

Annotations:
D:8 Gastronok


Innate Abilities, Weirdness & Mutations

You cannot wear boots.
Your serpentine skin is tough. (AC +3)
You have supernaturally acute eyesight. (SInv)
Armour fits poorly on your strangely shaped body.
Your system is resistant to poisons. (rPois)
You cover ground very slowly.
You have a slow metabolism.
You can spit poison.
You are resistant to hostile enchantments. (MR+)
You are weak. (Str -2)
You expend magic power (3 MP) to strengthen your wands.


Message History

Aiming: Sting
Press: ? - help, Shift-Dir - straight line, f/p - black bear
Aim: a black bear (almost dead, poisoned, confused)
The sting hits the black bear.
You kill the black bear!
Vehumet accepts your kill.
You see here a black bear corpse.
You butcher the black bear corpse.
o - 3 chunks of flesh The skeletal warrior hits you with a scimitar of slicing!!
The skeletal warrior barely misses you.
The skeletal warrior hits you with a scimitar of slicing!!
The skeletal warrior hits you with a scimitar of slicing!
You see here a short sword.
The skeletal warrior hits you with a scimitar of slicing!!
* * * LOW HITPOINT WARNING * * *
x2
There is a stone staircase leading down, spattered with blood here.
You can't go up here!
The skeletal warrior hits you with a scimitar of slicing!!
You die...

.....#...).<###########.#
#. ####....##### #.# #.
........# #.# #.
#####...########## #.# #.
# ##...........# #.# #. #
###########.# #.# #. #
#.######.########. ##
#.##.............. .#####
#@##.########.#### .†...#
#z##.# #..... .###.#
#hz#.# ###### .#
#########)...### .#
###.........#....# ..
..z.#######....#.# z##
#.)....>##.#.#.# ..
#.##..((.......# .#
#.##.##.###.# #######


You could see 2 skeletal warriors and a warg.

Vanquished Creatures
  Snorg (D:10)
  Erica (D:8)
  3 two-headed ogres
  Psyche (D:8)
  Maurice (D:8)
  Joseph (D:8)
  A troll (D:10)
  Prince Ribbit (D:7)
  3 hippogriffs
  A hornet (D:10)
  A wyvern (D:10)
  Grum (D:9)
  A warg (D:10)
  Menkaure (D:7)
  A water moccasin (D:9)
  2 sky beasts
  An ice beast (D:9)
  2 black bears
  An orc warrior (D:10)
  3 phantoms
  5 ogres
  4 centaurs
  2 wolves (D:9)
  A big kobold (D:10)
  A bullfrog (D:8)
  A water moccasin zombie (D:10)
  4 scorpions
  4 crimson imps
  A bullfrog zombie (D:5)
  2 hounds
  A centaur zombie (D:9)
  4 orc priests
  2 bullfrog skeletons
  2 iguanas
  15 orc wizards
  7 worker ants
  A hound skeleton (D:10)
  A howler monkey zombie (D:6)
  A worker ant zombie (D:6)
  11 river rats (D:5)
  12 adders
  An ooze (D:2)
  An adder skeleton (D:5)
  4 worms
  2 dart slugs (D:1)
  2 leopard geckos (D:1)
  46 orcs
  An orc (shapeshifter) (D:10)
  6 bats
  6 giant cockroaches
  3 hobgoblins
  12 jackals
  10 kobolds
  8 quokkas
  A ball python (D:6)
  4 frilled lizards
  2 goblins (D:3)
  A leopard gecko skeleton (D:7)
  A leopard gecko zombie (D:5)
  A quokka zombie (D:6)
  19 rats
241 creatures vanquished.

Notes
Turn   | Place    | Note
-------+----------+-------------------------------------------
     0 | D:1      | komo4ek the Naga Venom Mage began the quest for the Orb.
     0 | D:1      | Reached XP level 1. HP: 15/15 MP: 3/3
   254 | D:1      | Reached XP level 2. HP: 22/22 MP: 1/5
   920 | D:2      | Reached skill level 5 in Poison Magic
   920 | D:2      | Reached XP level 3. HP: 22/28 MP: 1/6
  1101 | D:2      | Learned a level 2 spell: Poisonous Vapours
  1105 | D:2      | Learned a level 3 spell: Mephitic Cloud
  1307 | D:2      | Reached XP level 4. HP: 35/36 MP: 1/8
  1718 | D:3      | Reached skill level 6 in Poison Magic
  2142 | D:3      | Reached XP level 5. HP: 42/42 MP: 3/9
  2792 | D:3      | Found a glowing silver altar of Zin.
  3099 | D:3      | Reached skill level 7 in Poison Magic
  3442 | D:4      | Noticed an ogre
  3564 | D:4      | Reached XP level 6. HP: 49/49 MP: 6/11
  3816 | D:4      | Reached skill level 8 in Poison Magic
  4215 | D:4      | Reached XP level 7. HP: 55/55 MP: 3/13
  4422 | D:4      | Reached skill level 9 in Poison Magic
  4687 | D:5      | Entered Level 5 of the Dungeon
  5016 | D:5      | Learned a level 4 spell: Olgreb's Toxic Radiance
  5022 | D:5      | Learned a level 5 spell: Venom Bolt
  5106 | D:5      | Found a snail-covered altar of Cheibriados.
  5439 | D:5      | Reached skill level 10 in Poison Magic
  5504 | D:5      | Reached XP level 8. HP: 47/62 MP: 8/15
  5531 | D:5      | Reached skill level 5 in Spellcasting
  6026 | D:5      | HP: 3/62 [river rat (2)]
  6027 | D:5      | Gained mutation: You are weak. (Str -2) [potion of mutation]
  6027 | D:5      | Gained mutation: You expend magic power (3 MP) to strengthen your wands. [potion of mutation]
  6027 | D:5      | Gained mutation: You are resistant to hostile enchantments. (MR+) [potion of mutation]
  6745 | D:5      | Reached skill level 11 in Poison Magic
  8050 | D:6      | Reached skill level 1 in Fighting
  8114 | D:7      | Noticed Menkaure
  8118 | D:7      | Reached skill level 1 in Armour
  8262 | D:7      | Noticed Prince Ribbit
  8272 | D:7      | Killed Prince Ribbit
  8272 | D:7      | Reached XP level 9. HP: 54/73 MP: 6/17
  8498 | D:7      | Killed Menkaure
  8828 | D:8      | Noticed Erica
  8937 | D:8      | Killed Erica
  9138 | D:8      | Noticed Psyche
  9150 | D:8      | Killed Psyche
  9606 | D:8      | Noticed Maurice
  9624 | D:8      | Reached XP level 10. HP: 32/85 MP: 5/20
  9802 | D:8      | Noticed Gastronok
  9869 | D:8      | Noticed Joseph
  9884 | D:8      | Killed Joseph
 10006 | D:8      | Killed Maurice
 10226 | D:7      | Found a staircase to the Ecumenical Temple.
 10231 | Temple   | Entered the Ecumenical Temple
 10274 | Temple   | Became a worshipper of Vehumet
 10342 | D:9      | Noticed a two-headed ogre
 10362 | D:9      | Killed a two-headed ogre
 10590 | D:9      | You fall through a shaft!
 10590 | D:10     | Entered Level 10 of the Dungeon
 10596 | D:10     | Reached skill level 5 in Conjurations
 10908 | D:10     | Reached skill level 5 in Fighting
 11031 | D:10     | Noticed a skeletal warrior
 11037 | D:10     | Noticed Snorg
 11064 | D:10     | Killed Snorg
 11064 | D:10     | Reached skill level 5 in Dodging
 11176 | D:9      | Noticed a two-headed ogre
 11200 | D:9      | Killed a two-headed ogre
 11200 | D:9      | Reached XP level 11. HP: 75/97 MP: 8/22
 11282 | D:9      | Noticed Grum
 11292 | D:9      | Killed Grum
 11339 | D:9      | Reached * piety under Vehumet
 11339 | D:9      | Offered knowledge of Magic Dart by Vehumet.
 11351 | D:9      | Learned a level 1 spell: Magic Dart
 11743 | D:9      | Reached skill level 5 in Armour
 11956 | D:10     | Noticed a two-headed ogre
 11983 | D:10     | Killed a two-headed ogre
 12377 | D:10     | Noticed a skeletal warrior
 12452 | D:10     | Noticed a skeletal warrior
 12668 | D:10     | Found a staircase to the Orcish Mines.
 12707 | D:10     | Found a shattered altar of Ashenzari.
 12711 | D:10     | Saw a vision of the Shoals and the Spider Nest.
 12711 | D:10     | Noticed a sea snake
 12804 | Orc:1    | Entered Level 1 of the Orcish Mines
 13153 | D:10     | Mangled by a skeletal warrior

Skill      XL: |  1  2  3  4  5  6  7  8  9 10 11 |
---------------+----------------------------------+-----
Poison Magic   | 5 6 7 8 10 11 | 11.2
Spellcasting   | 3 4 5 6 7 8 |  8.2
Fighting       | 1 3 5 6 |  6.2
Dodging        | 2 3 5 |  5.6
Armour         | 1 3 4 5 |  5.2
Conjurations   | 2 4 5 6 |  6.8
Stealth        | |  3.0

Action                   |  1- 3 |  4- 6 |  7- 9 | 10-12 || total
-------------------------+-------+-------+-------+-------++-------
Melee: Hand axe          |    12 |    47 |       |       ||    59
       Trident           |       |       |   220 |     9 ||   229
       Dagger            |       |       |       |   106 ||   106
 Cast: Sting             |    33 |   109 |   148 |    78 ||   368
       Mephitic Cloud    |       |     6 |    11 |    36 ||    53
       Poisonous Vapours |       |     7 |    27 |    12 ||    46
       Olgreb's Toxic Ra |       |       |     8 |    11 ||    19
       Magic Dart        |       |       |       |    70 ||    70
 Abil: Spit Poison       |     6 |    10 |    12 |    11 ||    39
Evoke: Wand              |       |       |     5 |     9 ||    14
  Use: Potion            |       |       |     4 |     2 ||     6
       Scroll            |       |       |       |    14 ||    14
 Stab: Distracted        |       |       |     2 |       ||     2
       Confused          |       |       |     1 |     6 ||     7
       Sleeping          |       |       |     1 |     2 ||     3
       Petrifying        |       |       |       |     1 ||     1
  Eat: Chunk             |       |    14 |     8 |     5 ||    27
       Ration            |       |     1 |       |     2 ||     3
Armor: Robe              |     4 |    20 |    63 |    42 ||   129
       Troll leather arm |       |       |       |     7 ||     7
Dodge: Dodged            |    12 |    42 |   114 |   111 ||   279
